 Dungeon Crawl Stone Soup version 0.26-a0-935-g3624241d3c (webtiles) character file.

Game seed: 11696734943812524675

7 araganzar the Sneak (level 1, 0/18 HPs)
             Began as a Demonspawn Delver on Nov 27, 2020.
             Slain by an adder (1 damage)
             ... on level 5 of the Dungeon.
             The game lasted 00:01:27 (481 turns).

araganzar the Sneak (Demonspawn Delver)              Turns: 481, Time: 00:01:28

Health: 0/18       AC:  3    Str: 12    XL:     1   Next: 91%
Magic:  1/1        EV: 12    Int: 11    God:
Gold:   49         SH:  0    Dex: 14    Spells: 0/0 levels left

rFire    . . .     SeeInvis .     - Unarmed
rCold    . . .     Faith    .   (no shield)
rNeg     . . .     Spirit   .   a - +0 leather armour
rPois    .         Reflect  .   (no helmet)
rElec    .         Harm     .   (no cloak)
rCorr    .         Rampage  .   (no gloves)
MR       +....                  (no boots)
Stlth    ++........             (no amulet)
HPRegen  0.06/turn              i - ring of protection from magic {MR+, !d}
MPRegen  0.07/turn              (no ring)

@: mighty, lethally poisoned (0 -> -6)
A: no striking features
a: no special abilities


You were on level 5 of the Dungeon.
You visited 1 branch of the dungeon, and saw 1 of its levels.

You collected 49 gold pieces.


   Skills:
 - Level 3.0 Fighting
 - Level 1.7 Dodging
 - Level 4.5 Stealth
 + Level 2.4 Unarmed Combat


You couldn't memorise any spells.
You didn't know any spells.
Your spell library was empty.

Inventory:

Missiles
 j - 15 sling bullets
Armour
 a - a +0 leather armour (worn)
Jewellery
 i - a ring of protection from magic (left hand) {MR+, !d}
   (You found it on level 5 of the Dungeon)
Wands
 f - a wand of digging (3)
Scrolls
 b - a scroll of fog
 c - a scroll of magic mapping {!r}
 d - a scroll of fear
 g - 2 scrolls of immolation {unknown}
Potions
 e - a potion of haste

..###... #.## #...
....#..# #..###....
......# ##........
##.....##
#.....###.
##....#..####.##.##
#....#....##..##.#
#....#........#..#
#............## ##
#@.....######.###.
⚑.....S.#....#
##....
.....8####....#
##... ..#### #..#.#
#... #..##.# #...
#.## #.# #...# #.#
.# ##### #.# . #. #


You could see an adder.


Message History

You take 1 damage, and have 14/18 hp.
You barely miss the adder. The adder barely misses you.
You closely miss the adder. The adder barely misses you. The adder bites you.
You take 2 damage, and have 12/18 hp.
You miss the adder. Your punch misses the adder. The adder bites you.
You take 1 damage, and have 11/18 hp.
You miss the adder.
You feel sick. The adder completely misses you.
You take 1 damage, and have 10/18 hp.
You miss the adder. The adder misses you.
You miss the adder. The adder barely misses you. The adder closely misses you.
You hit the adder but do no damage. The adder barely misses you.
You barely miss the adder.
You feel sick. The adder closely misses you.
You take 1 damage, and have 9/18 hp.
You hit the adder. The adder closely misses you.
You completely miss the adder. The adder barely misses you. x2
You closely miss the adder. The adder bites you.
You take 3 damage, and have 6/18 hp.
You hit the adder.
You feel sick.
You are no longer poisoned.
The adder bites you.
* * * LOW HITPOINT WARNING * * *
You are lethally poisoned!
The adder poisons you!
You take 4 damage, and have 2/18 hp.
MASSIVE DAMAGE!!
It was a potion of might.
You feel very mighty all of a sudden.
* * * LOW HITPOINT WARNING * * *
You feel sick. The adder closely misses you. The adder bites you.
You die...

Action                   || total
-------------------------++-------
Melee: Unarmed           ||    37
  Use: Potion            ||     1
Armor: Leather armour    ||     5
Dodge: Dodged            ||    27

Levels and vault maps discovered:
D:5:      layout_layer_cave, doesnt_xom_only_xom, serial_shops, shop,
          st_stairs_7, minivault_1, guppyfry_early_orc_mine, uniq_blork_the_orc

Notes
Turn   | Place    | Note
-------+----------+-------------------------------------------
     0 | D:5      | araganzar the Demonspawn Delver began the quest for the
                  | Orb.
     0 | D:5      | Reached XP level 1. HP: 18/18 MP: 1/1
    62 | D:5      | Noticed a centaur
   101 | D:5      | Reached skill level 2 in Unarmed Combat
   322 | D:5      | Noticed a worker ant
   457 | D:5      | Found a basalt altar of Yredelemnul.
   481 | D:5      | HP: 1/18 [poisoned by an adder]
   481 | D:5      | Slain by an adder

Vanquished Creatures
  A shadow imp (D:5)
1 creature vanquished.
